 Dungeon Crawl Stone Soup version 0.19.5 (webtiles) character file.

39 NurglesFinest the Stinger (level 3, -2/24 HPs)
             Began as a Merfolk Venom Mage on Mar 24, 2017.
             Slain by an adder (5 damage)
             ... on level 2 of the Dungeon.
             The game lasted 00:12:24 (1347 turns).

NurglesFinest the Stinger (Merfolk Venom Mage)      Turns: 1347, Time: 00:12:24

Health: -2/24      AC:  4    Str:  8    XL:     3   Next: 45%
Magic:  4/6        EV: 13    Int: 15    God:
Gold:   30         SH:  0    Dex: 17    Spells: 2 memorised, 2 levels left

rFire  . . .     SeeInvis .     k - +2 dagger (venom)
rCold  . . .     Gourm    .     a - +0 robe
rNeg   . . .     Faith    .     (no shield)
rPois  .         Spirit   .     d - +0 helmet
rElec  .         Reflect  .     (no cloak)
rCorr  .         Harm     .     (no gloves)
MR     .....                    g - +0 pair of boots
Stlth  ++........               (no amulet)
                                (no ring)
                                n - +3 ring of dexterity

@: no status effects
A: change form in water, swift swim, stealthy swim
a: no special abilities


You were on level 2 of the Dungeon.
You were not hungry.

You visited 1 branch of the dungeon, and saw 2 of its levels.

You collected 30 gold pieces.

Inventory:

Hand Weapons
 h - a +0 short sword
 j - a +0 club
 k - a +2 dagger of venom (weapon)
 q - a +0 short sword of freezing
Armour
 a - a +0 robe (worn)
 d - a +0 helmet (worn)
 g - a +0 pair of boots (worn)
Jewellery
 n - a +3 ring of dexterity (left hand)
Scrolls
 i - a scroll of remove curse
 m - a scroll of noise
Potions
 e - a potion of might {unknown}
 l - a potion of curing {unknown}
Books
 b - a Young Poisoner's Handbook

   Spells                             Type                      Level
   a - Sting                          Conjuration/Poison           1
   b - Mephitic Cloud                 Conjuration/Poison/Air       3
   c - Olgreb's Toxic Radiance        Poison                       4
   d - Alistair's Intoxication        Transmutation/Poison         5
   e - Venom Bolt                     Conjuration/Poison           5
Comestibles
 c - 3 bread rations
 f - 4 chunks of flesh
 o - a slice of pizza


   Skills:
 + Level 0.2 Fighting
 + Level 3.0 Dodging
 + Level 2.2 Stealth
 + Level 0.2 Unarmed Combat
 + Level 2.0 Spellcasting
 + Level 0.1 Conjurations
 + Level 5.4 Poison Magic


You had 2 spell levels left.
You knew the following spells:

 Your Spells              Type           Power        Failure   Level  Hunger
a - Sting                 Conj/Pois      #...         10%         1    #......
b - Mephitic Cloud        Conj/Pois/Air  #.......     34%         3    ###....


Dungeon Overview and Level Annotations

Branches:
Dungeon (2/15)

Altars:

Annotations:
D:2 Natasha


Message History

The adder misses you.
Natasha, Servant of Life and Death comes into view.
The adder misses you.
Casting: Sting
Confirm with . or Enter, or press ? or * to list all spells.
Aiming: Sting
Press: ? - help, Shift-Dir - straight line, f/p - gnoll
Aim: a gnoll, wielding a spear The sting hits the adder.
The adder is moderately wounded.
The adder misses you.
Casting: Sting
Confirm with . or Enter, or press ? or * to list all spells.
Aiming: Sting
Press: ? - help, Shift-Dir - straight line, f/p - gnoll
Aim: a gnoll, wielding a spear The sting hits the adder.
The adder is severely wounded.
The adder bites you.
You die...

.###### #.##
.gg.g.# #.. ..
.####.# #.# #h .#
#g###.# #. ##
#.g...# #.
#####.# #.
#.#####.#
#####.......###
#.....#####.@.#
#.....# ###S#
#.....### #g#
#.......# #g#
#.......# #g#
#........g#####.#
#.#..........##.#
..........†..##.#
#..#.........##.#


You could see Natasha (sleeping), 3 gnolls and an adder.

Vanquished Creatures
  An adder (D:2)
  A giant cockroach (D:1)
  3 goblins (D:1)
  5 hobgoblins (D:1)
  6 jackals (D:1)
  2 kobolds (D:1)
  A ball python (D:1)
  3 bats (D:1)
  2 frilled lizards (D:1)
  2 rats (D:1)
26 creatures vanquished.

Notes
Turn   | Place    | Note
-------+----------+-------------------------------------------
     0 | D:1      | NurglesFinest the Merfolk Venom Mage began the quest for the Orb.
     0 | D:1      | Reached XP level 1. HP: 13/13 MP: 3/3
   187 | D:1      | Reached XP level 2. HP: 10/19 MP: 1/5
   378 | D:1      | Reached skill level 5 in Poison Magic
   751 | D:1      | Reached XP level 3. HP: 18/24 MP: 2/6
  1271 | D:2      | Learned a level 3 spell: Mephitic Cloud
  1345 | D:2      | Noticed Natasha
  1347 | D:2      | Slain by an adder

Skill      XL: |  1  2  3 |
---------------+----------+-----
Poison Magic   | 5 |  5.4
Dodging        | 3 |  3.0
Fighting       | |  0.2
Stealth        | |  2.2
Unarmed Combat | |  0.2
Spellcasting   | |  2.0
Conjurations   | |  0.1

Action                   || total
-------------------------++-------
Melee: Unarmed           ||     9
       Short sword       ||     6
       Dagger            ||    33
 Cast: Sting             ||    39
  Use: Scroll            ||     5
  Eat: Meat ration       ||     1
Armor: Robe              ||    22
Dodge: Dodged            ||    57
